 Dungeon Crawl Stone Soup version 0.25-a0-510-ge065f6de7d (webtiles) character file.

Game seed: 1145603973754800451, levelgen mode: deterministic

1312 drasked the Destroyer (level 8, -1/41 HPs)
             Began as a Deep Elf Wizard on Feb 15, 2020.
             Was a Follower of Vehumet.
             Shot with an arrow by a centaur (8 damage)
             ... on level 6 of the Dungeon.
             The game lasted 00:22:00 (7632 turns).

drasked the Destroyer (Deep Elf Wizard)             Turns: 7632, Time: 00:22:00

Health: -1/41      AC:  2    Str:  4    XL:     8   Next: 32%
Magic:  16/21      EV: 13    Int: 26    God:    Vehumet [*.....]
Gold:   269        SH:  0    Dex: 13    Spells: 15/22 levels left

rFire    . . .     SeeInvis .   q - +6 club
rCold    . . .     Gourm    .   (no shield)
rNeg     . . .     Faith    .   a - +0 robe
rPois    .         Spirit   .   b - +0 hat
rElec    .         Reflect  .   (no cloak)
rCorr    .         Harm     .   (no gloves)
MR       .....                  (no boots)
Stlth    ++........             (no amulet)
HPRegen  0.13/turn              (no ring)
MPRegen  0.17/turn              (no ring)

@: marked
A: no striking features
a: Renounce Religion


You were on level 6 of the Dungeon.
You worshipped Vehumet.
Vehumet was aware of your devotion.
You were hungry.

You visited 2 branches of the dungeon, and saw 7 of its levels.

You collected 269 gold pieces.

Inventory:

Hand Weapons
 q - a +6 club (weapon)
   (You took it off Ijyb on level 3 of the Dungeon)
Missiles
 y - 6 atropa-tipped darts (quivered)
Armour
 a - a +0 robe (worn)
 b - a +0 hat (worn)
Jewellery
 d - a +2 amulet of reflection {unknown}
   (You found it on level 4 of the Dungeon)
 m - an uncursed ring of magical power {unknown}
   (You found it on level 2 of the Dungeon)
Wands
 D - a wand of digging (4)
   (You found it on level 3 of the Dungeon)
Scrolls
 f - 2 scrolls of fear {unknown}
 h - 5 scrolls of identify {unknown}
 i - 4 scrolls of random uselessness {unknown}
 k - 2 scrolls of enchant weapon {unknown}
 l - a scroll of magic mapping {unknown}
 o - 2 scrolls of enchant armour {unknown}
 p - 2 scrolls of amnesia {unknown}
 r - 4 scrolls of teleportation {unknown}
 w - a scroll of remove curse {unknown}
 A - a scroll of vulnerability {unknown}
Potions
 c - 5 potions of curing {unknown}
 g - a potion of degeneration {unknown}
 j - a potion of invisibility {unknown}
 n - a potion of agility {unknown}
 s - a potion of cancellation {unknown}
 t - a potion of magic {unknown}
 u - a potion of mutation {unknown}
 v - a potion of haste {unknown}
 x - 2 potions of might {unknown}
 z - a potion of brilliance {unknown}
Comestibles
 e - 7 rations
 B - 3 chunks of flesh {@w0}


   Skills:
 - Level 2.4 Dodging
 - Level 2.4 Stealth
 + Level 7.8 Spellcasting
 + Level 9.0 Conjurations
 - Level 1.1 Summonings
   Level 1.1 Translocations
 - Level 2.4 Air Magic
 - Level 2.0 Poison Magic


You had 15 spell levels left.
You knew the following spells:

 Your Spells              Type           Power        Failure   Level  Hunger
a - Magic Dart            Conj           ####         1%          1    None
c - Call Imp              Summ           ###.....     5%          2    None
x - Mephitic Cloud        Conj/Pois/Air  ####....     2%          3    None
A - Animate Skeleton      Necr           N/A          6%          1    None

Your spell library contained the following spells:

 Spells                   Type           Power        Failure   Level  Hunger
 Sandblast                Erth           ##....       6%          1    None
 Conjure Flame            Conj/Fire      ####....     2%          3    None
 Apportation              Tloc           ###...       3%          1    None
 Summon Small Mammal      Summ           ###.         3%          1    None
 Blink                    Tloc           N/A          5%          2    None
 Corona                   Hex            ##.....      6%          1    None
 Slow                     Hex            ##......     9%          2    None


Dungeon Overview and Level Annotations

Branches:
Dungeon (6/15)             Temple (1/1) D:5

Altars:
Ashenzari
Cheibriados
Elyvilon
Fedhas
Gozag
Hepliaklqana
Makhleb
Nemelex Xobeh
Okawaru
Qazlal
Sif Muna
Vehumet
Wu Jian
Xom
Yredelemnul
Zin


Message History

A jackal comes into view.
Aim: a jackal (heavily wounded)
The magic dart hits the jackal.
You kill the jackal!
Aim: a jackal The magic dart hits the jackal.
Aim: a jackal (moderately wounded)
The magic dart hits the jackal.
You kill the jackal!
You start resting.
A jackal comes into view.
A jackal is nearby!
Aim: a jackal (hasn't noticed you)
The magic dart hits the jackal.
The jackal barks!
Aim: a jackal (severely wounded)
The magic dart hits the jackal but does no damage.
Aim: a jackal (severely wounded)
The magic dart hits the jackal.
You kill the jackal!
You start resting.
All of the chunks of flesh in your inventory have rotted away.
You are feeling hungry.
You start resting.
You open the door.
There is an open door here.
There is an open door here.
You now have 269 gold pieces (gained 17).
Found a stone staircase leading up.
Found a stone staircase leading down.
You open the door.
There is an open door here.
A - a scroll labeled TUIH VUIPERR You open the door.
There is an open door here.
Found a stone staircase leading up.
p - 2 scrolls labeled BIEDAC RALICH (gained 1)
You open the door.
There is an open door here.
x - 2 metallic red potions (gained 1)
f - 2 scrolls labeled GIUCRAROXIHY (gained 1)
An orc comes into view. It is wielding a +0 falchion.
You set off the alarm!
A sentinel's mark forms upon you.
You hear a bark!
You hear a shout! x5
A hound comes into view.
Aim: an orc, wielding a +0 falchion and wearing a +0 leather armour The magic dart hits the orc but does no damage.
Aim: an orc, wielding a +0 falchion and wearing a +0 leather armour The magic dart hits the orc!
You kill the orc!
You can now gain magical power from killing.
Vehumet offers you knowledge of Sandblast.
Aim: a hound The magic dart hits the hound.
Aim: a hound (lightly wounded)
The magic dart hits the hound.
The hound closely misses you.
Aim: a hound (moderately wounded)
The magic dart hits the hound.
The hound misses you.
Aim: a hound (moderately wounded)
The magic dart hits the hound.
The hound bites you. The hound barely misses you.
Aim: a hound (severely wounded)
The magic dart hits the hound.
The hound bites you.
Aim: a hound (severely wounded)
The magic dart hits the hound.
You kill the hound!
Your Conjurations skill increases to level 9!
You see here a hound corpse.
You butcher the hound corpse.
B - 3 chunks of flesh {@w0} You see here a hound skeleton.
You attempt to give life to the dead...
The dead are walking!
A water moccasin, 4 humans and a skeleton come into view.
The human shoots a stone.
The stone hits you.
You see here a stone.
A human comes into view. It is wielding a +0 mace.
You swap places.
The human unwields a +0 hunting sling.
The human closely misses you.
An adder zombie comes into view.
You see here a stone.
The human wields a +0 hunting sling.
The human shoots a stone.
The stone hits your hound skeleton!
A centaur comes into view.
The human hits your hound skeleton with a +0 club!
The human unwields a +0 hunting sling.
The human hits your hound skeleton!
Your hound skeleton is destroyed!
The centaur wields a +0 shortbow.
The centaur shoots an arrow.
The arrow hits you!
* * * LOW HITPOINT WARNING * * *
You see here an arrow.
The centaur shoots an arrow.
The arrow hits you!
* * * LOW HITPOINT WARNING * * *
You see here an arrow.
The centaur shoots an arrow.
The arrow barely misses you.
The centaur shoots an arrow.
The arrow hits you!
* * * LOW HITPOINT WARNING * * *
You see here 2 arrows.
The centaur shoots an arrow.
The arrow hits you!
You die...

.............#...#........
##+###########'####+#
#....................
#....................
#.....[....c.........
#....................
#.(..................
#.......(............
#...@pS.p............
##..####p########..##
.....####(##...## ..#
...#.......p.....p. ... ..
#......).ppSZ... ...# .
+.!............Z
#...#....###..##
########## ..# ..#


You could see 3 humans, a water moccasin and a centaur.

Levels and vault maps discovered:
D:1:      ebering_trefoil_3fold, layout_rooms, grunt_decor_resistance
D:2:      layout_basic
D:3:      layout_basic, serial_park_tiny_1, nemelex_dance_club_becter,
          uniq_ijyb, uniq_jessica
D:4:      layout_basic, first_ration
D:5:      wander_river, layout_rooms, minmay_temple_entry_statues_fountains
D:6:      layout_gridville, minmay_ruffians
Temple:   eino_temple_rhombus

Notes
Turn   | Place    | Note
-------+----------+-------------------------------------------
     0 | D:1      | drasked the Deep Elf Wizard began the quest for the Orb.
     0 | D:1      | Reached XP level 1. HP: 10/10 MP: 7/7
    14 | D:1      | Identified a +0 club
    98 | D:1      | Identified a +0 dagger
   153 | D:1      | Identified a +0 dagger
   208 | D:1      | Identified a +0 club
   214 | D:1      | Reached skill level 2 in Conjurations
   286 | D:1      | Reached XP level 2. HP: 15/15 MP: 2/9
   421 | D:1      | Identified a +0 club
   421 | D:1      | Identified a +0 leather armour
   497 | D:1      | Identified a +0 short sword
   687 | D:1      | Learned a level 2 spell: Call Imp
   865 | D:2      | Reached skill level 3 in Conjurations
   868 | D:2      | Learned a level 1 spell: Animate Skeleton
   898 | D:2      | Identified a +0 club
   907 | D:2      | Reached XP level 3. HP: 18/19 MP: 0/10
  1614 | D:2      | Reached skill level 4 in Conjurations
  2086 | D:3      | Reached XP level 4. HP: 24/24 MP: 9/12
  2182 | D:3      | Identified a +2 antimagic dagger
  2182 | D:3      | Identified a +0 robe
  2182 | D:3      | Noticed Jessica
  2187 | D:3      | Killed Jessica
  2247 | D:3      | Identified a +6 club
  2247 | D:3      | Identified a +0 leather armour
  2247 | D:3      | Noticed Ijyb
  2257 | D:3      | HP: 2/24 [Ijyb] (22)]
  2544 | D:3      | Learned a level 3 spell: Mephitic Cloud
  2570 | D:3      | Identified a +0 club
  2947 | D:3      | Killed Ijyb
  2947 | D:3      | Reached skill level 5 in Conjurations
  3141 | D:3      | Found a sparkling altar of Nemelex Xobeh.
  3143 | D:3      | Identified a +0 club
  3144 | D:3      | Reached XP level 5. HP: 28/28 MP: 10/13
  3194 | D:3      | Identified a +0 mace
  3194 | D:3      | Identified a +0 ring mail
  3196 | D:3      | Identified a +0 dire flail
  3196 | D:3      | Identified a +0 plate armour
  3196 | D:3      | Noticed an orc warrior
  3198 | D:3      | Identified a +0 dagger
  3198 | D:3      | Identified a +0 robe
  3212 | D:3      | Identified a +0 hand axe
  3222 | D:3      | Identified a +0 whip
  3222 | D:3      | Identified a +0 leather armour
  3471 | D:3      | Identified a +0 short sword
  4200 | D:4      | Identified a cursed +0 giant spiked club
  4200 | D:4      | Noticed an ogre
  4208 | D:4      | Killed an ogre
  4208 | D:4      | Reached skill level 6 in Conjurations
  4309 | D:4      | Reached skill level 1 in Air Magic
  4309 | D:4      | Reached skill level 1 in Poison Magic
  4309 | D:4      | Reached XP level 6. HP: 27/32 MP: 1/14
  4890 | D:4      | Identified a +0 whip
  4890 | D:4      | Identified a +0 leather armour
  4896 | D:4      | Identified a +0 club
  4916 | D:4      | Reached skill level 2 in Poison Magic
  5022 | D:4      | Identified a +0 leather armour
  5183 | D:4      | meem: I'm meem, an infobot run by MalcolmRoseGaming: Type
                  | !submeem to keep me in your games; !nomeem to shut me up
                  | forever; !meem for help; !whymeem if you want to know why
                  | meem exists. Visit http://youtube.com/malcolmrosegaming for
                  | more DCSS content.
  5185 | D:4      | Reached skill level 7 in Conjurations
  5185 | D:4      | Reached skill level 2 in Air Magic
  5254 | D:4      | Reached XP level 7. HP: 36/36 MP: 11/15
  5316 | D:4      | Identified a +0 dagger
  5316 | D:4      | Identified a +0 robe
  5316 | D:4      | Identified a +0 whip
  5506 | D:4      | Identified a +0 falchion
  5506 | D:4      | Identified a +0 scale mail
  5638 | D:5      | Entered Level 5 of the Dungeon
  5750 | D:5      | Reached skill level 5 in Spellcasting
  5838 | D:5      | Found a staircase to the Ecumenical Temple.
  5863 | Temple   | Entered the Ecumenical Temple
  6113 | Temple   | Became a worshipper of Vehumet
  6134 | D:5      | Identified a +0 club
  6135 | D:5      | Identified a +0 leather armour
  6135 | D:5      | Identified a +0 scale mail
  6137 | D:5      | Identified a +0 dagger
  6137 | D:5      | Identified a +0 robe
  6138 | D:5      | Identified a +0 war axe
  6138 | D:5      | Identified a +0 leather armour
  6139 | D:5      | Identified a +0 morningstar
  6139 | D:5      | Identified a +0 leather armour
  6139 | D:5      | Identified a +0 dagger
  6139 | D:5      | Identified a +0 robe
  6139 | D:5      | Identified a +0 short sword
  6149 | D:5      | Reached skill level 6 in Spellcasting
  6165 | D:5      | Reached skill level 8 in Conjurations
  6355 | D:5      | Identified a +0 falchion
  6355 | D:5      | Identified a +0 ring mail
  6527 | D:5      | Identified a +0 giant club
  6530 | D:5      | Identified a +0 shortbow of flaming
  6549 | D:5      | Reached skill level 7 in Spellcasting
  6549 | D:5      | Reached XP level 8. HP: 28/41 MP: 13/20
  6768 | D:5      | Identified a +0 mace
  6768 | D:5      | Identified a +0 whip
  6768 | D:5      | Identified a +0 ring mail
  6769 | D:5      | Identified a +0 club
  6771 | D:5      | Identified a +0 hand axe
  6771 | D:5      | Identified a +0 scale mail
  6926 | D:5      | Identified a +0 giant spiked club
  7284 | D:6      | Identified a +0 hand axe
  7284 | D:6      | Identified a cursed +0 leather armour
  7286 | D:6      | Identified a +0 dagger
  7286 | D:6      | Identified a +0 robe
  7290 | D:6      | Identified a +0 whip
  7290 | D:6      | Identified a +0 chain mail
  7609 | D:6      | Identified a +0 falchion
  7609 | D:6      | Identified a +0 leather armour
  7611 | D:6      | Reached * piety under Vehumet
  7611 | D:6      | Offered knowledge of Sandblast by Vehumet.
  7618 | D:6      | Reached skill level 9 in Conjurations
  7623 | D:6      | Identified a +0 hunting sling
  7623 | D:6      | Identified a +0 leather armour
  7623 | D:6      | Identified a +0 club
  7623 | D:6      | Identified a +0 animal skin
  7623 | D:6      | Identified a +0 club
  7623 | D:6      | Identified a +0 animal skin
  7623 | D:6      | Identified a +0 flail
  7623 | D:6      | Identified a +0 scale mail
  7624 | D:6      | Identified a +0 mace
  7624 | D:6      | Identified a +0 leather armour
  7627 | D:6      | Identified a +0 shortbow
  7630 | D:6      | HP: 7/41 [centaur/arrow (7)]
  7632 | D:6      | Shot with an arrow by a centaur

Table legend:
 A = Turns spent in this place as a percentage of turns spent in the entire game.
 B = Non-inter-level travel turns spent in this place as a percentage of non-inter-level travel turns spent in the entire game.
 C = Inter-level travel turns spent in this place as a percentage of turns spent in this place.
 D = Turns resting spent in this place as a percentage of non-inter-level travel turns spent in this place.
 E = Turns spent auto-exploring this place as a percentage of non-inter-level travel turns spent in this place.
 F = Non-inter-level travel turns spent in this place divided by the number of levels of this place that you've seen.
                   A       B       C       D       E      F
               +-------+-------+-------+-------+-------+----------------------
         Total | 100.0 | 100.0 |   3.3 |  41.7 |  36.2 | 1054.6
       Dungeon |  96.5 |  96.7 |   3.1 |  41.7 |  35.5 | 1189.8
        Temple |   3.5 |   3.3 |   9.0 |  42.4 |  56.4 | 243.0
               +-------+-------+-------+-------+-------+----------------------

Table legend:
 A = Kills in this place as a percentage of kills in entire the game.
 B = Kills by you in this place as a percentage of kills by you in the entire game.
 C = Kills by friends in this place as a percentage of kills by friends in the entire game.
 D = Other kills in this place as a percentage of other kills in the entire game.
 E = Experience gained in this place as a percentage of experience gained in the entire game.
 F = Experience gained in this place divided by the number of levels of this place that you have seen.
                   A       B       C       D       E      F
               +-------+-------+-------+-------+-------+----------------------
         Total | 100.0 | 100.0 | 100.0 | 100.0 | 100.0 | 267.9
       Dungeon | 100.0 | 100.0 | 100.0 | 100.0 | 100.0 | 312.5
               +-------+-------+-------+-------+-------+----------------------

Skill      XL: |  1  2  3  4  5  6  7  8 |
---------------+-------------------------+-----
Conjurations   | 2 3 4 5 6 7 8 9 |  9.0
Air Magic      | 1 2 |  2.4
Poison Magic   | 1 2 |  2.0
Spellcasting   | 7 |  7.8
Dodging        | |  2.4
Stealth        | |  2.4
Summonings     | |  1.1
Translocations | |  1.1

Action                   |  1- 3 |  4- 6 |  7- 9 || total
-------------------------+-------+-------+-------++-------
Melee: Dagger            |       |    16 |       ||    16
       Club              |       |     6 |    21 ||    27
 Cast: Magic Dart        |    95 |   133 |   169 ||   397
       Animate Skeleton  |       |     8 |    10 ||    18
       Mephitic Cloud    |       |     7 |     5 ||    12
 Stab: Confused          |       |       |     1 ||     1
  Eat: Chunk             |     3 |     7 |     3 ||    13
       Ration            |       |     1 |     1 ||     2
Armor: Robe              |       |     3 |     7 ||    10
Dodge: Dodged            |     5 |    24 |    56 ||    85

Vanquished Creatures
  A sky beast (D:5)
  A phantom (D:4)
  3 ogres
  A centaur (D:5)
  A water moccasin skeleton (D:5)
  2 scorpions
  A crimson imp (D:6)
  4 hounds
  2 centaur skeletons
  2 orc priests
  Jessica (D:3)
  Ijyb (D:3)
  4 orc wizards
  2 worker ant zombies
  6 adders
  A shadow imp (D:6)
  2 oozes
  5 worms
  A dart slug (D:1)
  4 leopard geckos
  24 orcs
  A giant cockroach (D:5)
  3 goblins
  6 hobgoblins
  17 jackals
  7 kobolds
  A quokka (D:3)
  5 bats
  8 frilled lizards
  A leopard gecko skeleton (D:4)
  3 rats
121 creatures vanquished.

Vanquished Creatures (collateral kills)
  A worker ant zombie (D:5)
1 creature vanquished.

Vanquished Creatures (others)
  A rat (D:3)
1 creature vanquished.

Grand Total: 123 creatures vanquished
